Map: Ever Dream LE

Players

LiquidClem (Clem)

  • Race: Terran Terran
  • League: Master
  • Spawn Location: 7:00

Reynor - Winner!

  • Race: Zerg Zerg
  • League: Master
  • Spawn Location: 1:00

Event: Shopify TSL 5

VOD

Have the link to the VOD?

Description

Time

  • Played on: May 30, 2020, 11:36 a.m.
  • Length: 11:55

All games in this series

Show
View Real Time Build Order
Export as new Build Order

LiquidClem Terran 

Build Orders: Hellion Opening, Reaper Expand 

Get SALT Encoding   

  12  0:00  SCV  
  13  0:12  SCV  
  14  0:17  Supply Depot  
  14  0:24  SCV  
  15  0:38  SCV  
  15  0:40  Barracks  
  16  0:43  Refinery  
  16  0:50  SCV  
  17  1:03  SCV  
  18  1:15  SCV  
  19  1:27  Reaper, Orbital Command  
  20  1:39  Command Center  
  20  1:46  Supply Depot  
  20  1:53  SCV  
  21  1:58  Marine  
  22  2:05  SCV  
  23  2:10  Factory  
  23  2:17  SCV  
  23  2:20  Barracks Reactor  
  24  2:29  SCV  
  25  2:38  Command Center  
  25  2:42  SCV  
  26  2:50  Orbital Command  
  26  2:54  SCV  
  27  3:00  Starport  
  27  3:07  SCV, Hellion  
  27  3:11  Hellion  
  32  3:16  Refinery  
  32  3:17  Barracks Tech Lab  
  32  3:19  SCV  
  33  3:20  SCV  
  34  3:30  Hellion  
  34  3:31  SCV  
  34  3:33  SCV, Hellion  
  40  3:39  Viking  
  42  3:43  SCV  
  42  3:45  SCV  
  44  3:50  Orbital Command  
  44  3:52  Hellion  
  44  3:54  Hellion  
  48  3:57  SCV x2  
  50  4:03  Stimpack  
  50  4:07  Marine  
  50  4:09  SCV  
  52  4:11  Starport Reactor  
  52  4:12  SCV  
  52  4:15  Supply Depot  
  53  4:21  SCV  
  54  4:24  Barracks  
  54  4:25  SCV  
  54  4:26  Barracks  
  54  4:27  Factory Tech Lab  
  54  4:29  SCV  
  56  4:33  SCV, Marine  
  58  4:39  SCV, Supply Depot, Refinery  
  58  4:43  SCV  
  60  4:46  Engineering Bay  
  60  4:47  SCV  
  60  4:48  Engineering Bay  
  60  4:52  Refinery  
  61  4:54  Siege Tank  
  61  4:55  Marine  
  61  4:58  SCV x2  
  61  4:59  SCV  
  68  5:03  Starport Reactor  
  68  5:04  Supply Depot  
  68  5:08  Supply Depot  
  68  5:10  SCV x2  
  68  5:12  SCV, Supply Depot  
  71  5:14  Terran Infantry Weapons Level 1  
  71  5:16  Marine x2  
  71  5:19  Terran Infantry Armor Level 1  
  73  5:22  Marine x2  
  73  5:23  SCV  
  73  5:25  Orbital Command  
  73  5:26  SCV  
  73  5:28  Marine  
  78  5:34  Marine x2  
  83  5:35  Siege Tank  
  83  5:36  SCV  
  83  5:38  SCV  
  83  5:40  Marine x2  
  87  5:43  Medivac  
  87  5:46  Marine  
  90  5:50  Medivac, Supply Depot  
  90  5:52  SCV x2, Marine x2  
  90  5:53  SCV  
  97  5:58  Marine x2  
  97  5:59  Combat Shield  
  97  6:02  Barracks  
  99  6:04  SCV  
  99  6:05  Barracks  
  99  6:08  Marine  
  99  6:10  Marine  
  100  6:11  SCV x2  
  100  6:12  Marine  
  100  6:15  Marine  
  100  6:16  SCV, Marine  
  106  6:23  SCV  
  106  6:24  SCV  
  108  6:26  Supply Depot, Marine  
  108  6:27  Supply Depot  
  108  6:29  SCV, Marine, Siege Tank  
  108  6:30  Armory  
  114  6:34  Marine  
  114  6:35  SCV  
  100  6:49  Marine x2  
  100  6:50  SCV  
  100  6:51  Marine  
  100  6:52  Marine  
  101  6:54  Barracks Reactor  
  101  6:55  Barracks Reactor  
  101  6:57  Factory  
  101  6:58  SCV  
  96  7:01  Siege Tank  
  96  7:04  Marine  
  96  7:06  SCV, Medivac  
  96  7:07  Marine x2  
  96  7:08  SCV  
  100  7:09  Marine  
  100  7:10  Refinery  
  100  7:11  Medivac, Supply Depot  
  100  7:12  Marine  
  100  7:15  SCV, Command Center  
  105  7:17  Refinery  
  105  7:18  SCV  
  105  7:21  Marine  
  107  7:25  Marine  
  107  7:28  Missile Turret, Barracks  
  107  7:29  Barracks, Terran Infantry Weapons Level 2  
  108  7:30  Barracks  
  108  7:32  Marine  
  108  7:34  Marine x3  
  108  7:35  Marine  
  113  7:39  Marine  
  113  7:43  Marine  
  113  7:44  Marine x2  
  115  7:45  Factory Reactor, Drilling Claws  
  115  7:47  Widow Mine  
  115  7:50  Marine  
  118  7:51  Marine  
  118  7:52  Marine x2  
  118  7:53  Marine  
  118  7:57  Marine  
  123  8:00  Supply Depot  
  123  8:01  Marine x2  
  123  8:02  Marine  
  123  8:03  Terran Infantry Armor Level 2  
  123  8:04  Terran Vehicle And Ship Armor Level 1  
  126  8:08  Marine  
  126  8:09  Missile Turret, Marine  
  126  8:10  Marine x2  
  126  8:11  Marine  
  129  8:15  Widow Mine, Marine  
  129  8:16  Marine  
  129  8:17  Marine  
  129  8:18  Marine  
  129  8:19  Marine  
  136  8:21  Marine x2  
  136  8:25  Supply Depot x2  
  136  8:26  Marine, Widow Mine  
  141  8:27  Marine  
  141  8:28  Marine  
  141  8:31  SCV x3  
  146  8:36  Widow Mine  
  146  8:39  Missile Turret  
  146  8:40  Widow Mine  
  144  8:41  Missile Turret  
  144  8:43  SCV x2  
  144  8:45  Marine  
  144  8:46  Marine  
  144  8:47  Marine  
  144  8:48  Widow Mine, Marine  
  149  8:49  SCV  
  150  8:55  SCV  
  150  8:57  Thor  
  150  8:59  Barracks Tech Lab x3  
  150  9:01  SCV, Widow Mine  
  160  9:02  Marine  
  160  9:06  Marine x2  
  160  9:07  SCV  
  160  9:09  Widow Mine  
  164  9:11  SCV  
  165  9:17  SCV  
  165  9:19  Missile Turret, Marauder x2  
  165  9:23  Widow Mine  
  172  9:24  Supply Depot  
  172  9:26  Marauder x2  
  172  9:30  Widow Mine  
  178  9:32  Viking  
  178  9:34  Factory  
  178  9:38  SCV, Liberator  
  179  9:39  SCV  
  179  9:42  SCV  
  179  9:45  Planetary Fortress  
  168  9:50  SCV  
  168  9:51  Marauder x3  
  164  9:56  Widow Mine  
  164  9:59  Widow Mine  
  167  10:02  Siege Tank  
  167  10:05  SCV  
  167  10:06  SCV x2  
  173  10:10  Marauder  
  167  10:16  Marine x2  
  167  10:17  SCV  
  167  10:18  SCV x2  
  167  10:19  Marauder x2  
  174  10:21  SCV  
  174  10:24  Marauder  
  177  10:29  SCV, Factory Tech Lab  
  177  10:31  SCV x2  
  177  10:34  Siege Tank  
  183  10:37  Liberator  
  183  10:39  Widow Mine  
  183  10:41  Widow Mine  
  183  10:42  SCV  
  179  10:43  Marauder  
  179  10:46  SCV  
  179  10:49  SCV  
  181  10:50  SCV  
  181  10:51  Marauder  
  181  10:52  Marauder  
  181  10:56  SCV  
  185  11:11  Supply Depot  
  185  11:13  Supply Depot  
  185  11:14  Supply Depot  
  185  11:16  Supply Depot  
  185  11:26  Supply Depot  
  185  11:28  Supply Depot  
  178  11:33  SCV, Widow Mine  
  178  11:34  Widow Mine  
Show
View Real Time Build Order
Export as new Build Order

Reynor Zerg - Winner!

Build Orders: Hatch First, Lurkers, Muta Ling Bane 

Get SALT Encoding   

  12  0:00  Drone  
  13  0:12  Overlord  
  13  0:17  Drone  
  14  0:30  Drone x2  
  16  0:47  Hatchery  
  15  0:50  Drone  
  15  0:54  Drone  
  17  0:57  Drone  
  18  1:08  Extractor  
  17  1:12  Spawning Pool  
  17  1:15  Drone  
  17  1:18  Drone  
  18  1:27  Drone  
  19  1:38  Drone  
  20  1:48  Overlord  
  20  1:59  Zergling x2, Queen x2  
  20  2:00  Zergling x2  
  26  2:10  Drone x2  
  28  2:20  Drone  
  28  2:21  Drone  
  30  2:26  Hatchery  
  29  2:33  Drone x2  
  31  2:38  Metabolic Boost  
  31  2:44  Queen  
  31  2:47  Overlord  
  31  2:50  Drone  
  34  2:53  Drone  
  34  2:55  Drone  
  36  3:09  Overlord, Drone x3  
  39  3:15  Drone x2  
  39  3:17  Queen  
  39  3:19  Drone  
  44  3:24  Overlord  
  44  3:29  Drone  
  44  3:31  Queen  
  47  3:36  Zergling x2  
  47  3:40  Zergling x4  
  50  3:41  Queen  
  50  3:43  Drone x2  
  50  3:44  Drone  
  55  3:49  Zergling x2  
  55  3:50  Drone x2  
  58  3:58  Drone x2  
  58  3:59  Drone, Baneling Nest  
  58  4:02  Overlord  
  60  4:03  Drone x2  
  60  4:05  Extractor  
  61  4:10  Drone  
  61  4:11  Drone  
  61  4:13  Drone  
  64  4:21  Overlord  
  64  4:22  Drone  
  65  4:25  Drone  
  65  4:27  Lair  
  65  4:29  Overlord  
  66  4:37  Overlord  
  66  4:40  Drone x6  
  72  4:46  Zergling x4  
  72  4:48  Overlord  
  72  4:49  Drone x3  
  72  4:52  Evolution Chamber  
  76  4:55  Evolution Chamber  
  76  4:57  Drone x3  
  76  4:58  Drone  
  79  5:01  Zergling x4  
  79  5:05  Spore Crawler  
  79  5:06  Drone  
  81  5:07  Spore Crawler  
  81  5:08  Drone  
  81  5:12  Drone x2  
  81  5:13  Drone  
  81  5:14  Drone  
  85  5:17  Hatchery  
  85  5:19  Overlord  
  84  5:21  Drone  
  84  5:23  Zerg Melee Weapons Level 1, Zerg Ground Armor Level 1  
  84  5:24  Drone  
  85  5:30  Drone x3  
  85  5:32  Drone x4, Extractor x3  
  85  5:33  Extractor  
  85  5:35  Centrifical Hooks  
  88  5:39  Overlord  
  88  5:42  Drone  
  89  5:43  Zergling x6  
  89  5:44  Zergling x2  
  89  5:46  Zergling x2  
  94  5:51  Zergling x2  
  95  5:57  Zergling x8  
  95  6:00  Zergling x14  
  106  6:05  Zergling x2  
  106  6:07  Spire  
  106  6:08  Baneling x3  
  106  6:09  Baneling  
  106  6:10  Zergling x4  
  108  6:12  Baneling x2  
  108  6:16  Zergling x2  
  109  6:20  Drone x2  
  109  6:26  Zergling x2  
  109  6:27  Zergling x6  
  109  6:29  Drone x2  
  109  6:30  Drone x2, Baneling x2  
  109  6:31  Baneling x4  
  117  6:33  Drone x2  
  117  6:35  Overlord  
  117  6:38  Queen  
  118  6:41  Zergling x8  
  118  6:43  Zergling x2  
  108  6:47  Zergling x2  
  108  6:52  Drone  
  101  7:04  Zergling x16  
  103  7:09  Drone  
  103  7:11  Drone x2  
  103  7:13  Hydralisk Den  
  103  7:14  Infestation Pit  
  104  7:17  Hatchery  
  104  7:18  Mutalisk x6  
  104  7:19  Extractor  
  104  7:20  Drone, Extractor  
  104  7:22  Baneling x3  
  114  7:23  Drone x3  
  114  7:28  Zerg Ground Armor Level 2  
  117  7:30  Drone x3  
  117  7:31  Baneling x2  
  117  7:32  Overlord  
  117  7:33  Zergling x4  
  122  7:41  Mutalisk  
  122  7:43  Drone x4  
  125  7:47  Drone x3  
  125  7:50  Zerg Missile Weapons Level 1  
  128  7:54  Drone x3  
  128  7:55  Lurker Den  
  128  7:56  Zergling x8  
  134  8:02  Hive  
  134  8:03  Zergling x4  
  134  8:05  Overlord  
  136  8:06  Baneling x4  
  136  8:09  Overlord  
  136  8:17  Baneling x3  
  136  8:19  Drone x2  
  135  8:20  Overlord  
  135  8:23  Drone x2  
  135  8:25  Unknown  
  136  8:28  Hydralisk x4  
  136  8:29  Hydralisk x4  
  136  8:31  Zergling x4  
  136  8:32  Zergling x2  
  136  8:34  Zergling x2  
  156  8:36  Hydralisk x2  
  156  8:39  Zergling x2  
  156  8:41  Baneling x3  
  157  8:46  Queen, Drone x3  
  157  8:48  Zergling x4  
  164  8:49  Hatchery  
  164  8:53  Overlord  
  163  8:59  Lurker x2  
  163  9:01  Overlord  
  163  9:02  Lurker x2  
  165  9:04  Overlord x3  
  165  9:12  Muscular Augments  
  165  9:13  Lurker x3  
  165  9:14  Lurker x3  
  165  9:15  Zergling x4  
  173  9:17  Seismic Spines  
  173  9:20  Drone x3  
  173  9:21  Evolution Chamber  
  173  9:22  Zergling x12  
  181  9:25  Overlord  
  181  9:26  Zergling x4, Hydralisk  
  181  9:27  Zergling x12  
  181  9:30  Zergling x8  
  181  9:31  Adrenal Glands  
  195  9:38  Zergling x2, Hydralisk  
  178  9:39  Zergling x4  
  178  9:41  Hydralisk  
  175  9:45  Hydralisk  
  175  9:46  Zergling x18  
  182  10:00  Zergling x14  
  182  10:02  Drone x2  
  182  10:06  Baneling x2  
  182  10:07  Baneling x2  
  191  10:14  Zergling x22, Adaptive Talons  
  184  10:23  Lurker x2  
  184  10:24  Lurker x2  
  184  10:25  Zergling x18  
  196  10:33  Pneumatized Carapace, Overseer  
  196  10:34  Baneling x2  
  196  10:35  Baneling x4  
  196  10:37  Zergling x6  
  196  10:42  Overlord  
  192  10:44  Viper x2  
  192  10:46  Zergling x4  
  197  11:00  Spore Crawler  
  197  11:01  Spine Crawler x2, Hydralisk  
  197  11:02  Zergling x14  
  194  11:06  Hydralisk  
  194  11:07  Zergling x20  
  194  11:10  Hydralisk  
  194  11:11  Zergling x4  
  199  11:17  Baneling  
  197  11:23  Hydralisk  
  199  11:27  Baneling  
  199  11:28  Baneling x7  
  199  11:31  Hydralisk  
  199  11:32  Zergling x14  
  197  11:36  Zergling x20  
  197  11:38  Zergling x6  
Tags
 
Add a new tag
Caveats
  • Supply blocks, unpowered buildings, or Contaminate may cause inaccurate times.
  • Supply counts are checked every 10 seconds.